 Dungeon Crawl Stone Soup version 0.28.0-1-gb440e238dd (webtiles) character file.

Game seed: 5347458636655048367

16 bromine the Skirmisher (level 2, 0/26 HPs)
             Began as a Ghoul Berserker on Feb 24, 2022.
             Was a Follower of Trog.
             Slain by a ball python (1 damage)
             ... on level 2 of the Dungeon.
             The game lasted 00:03:28 (1975 turns).

bromine the Skirmisher (Ghoul Berserker)            Turns: 1975, Time: 00:03:30

Health: 0/26       AC:  2    Str: 19    XL:     2   Next: 58%
Magic:  1/1        EV:  9    Int:  3    God:    Trog [*.....]
Gold:   27         SH:  0    Dex:  8    Spells: 1/1 levels left

rFire   . . .      SeeInvis .   a - +0 hand axe
rCold   + . .      Faith    .   (no shield)
rNeg    + + +      Spirit   .   b - +0 animal skin
rPois   ∞          Reflect  .   (no helmet)
rElec   .          Harm     .   (no cloak)
rCorr   .          Rampage  .   (no gloves)
Will    .....                   (no boots)
Stlth   +.........              f - amulet of magic regeneration
HPRegen 0.00/turn               c - ring of poison resistance
MPRegen 0.47/turn               (no ring)

@: inhibited regen, constricted
A: claws 1, cold resistance 1, negative energy resistance 3, inhibited
regeneration, torment resistance 2
a: Renounce Religion


You were on level 2 of the Dungeon.
You worshipped Trog.
Trog was aware of your devotion.
You visited 1 branch of the dungeon, and saw 2 of its levels.

You collected 27 gold pieces.

Inventory:

Hand Weapons
 a - a +0 hand axe (weapon)
Armour
 b - a +0 animal skin (worn)
Jewellery
 c - a ring of poison resistance (left claw)
 f - an amulet of magic regeneration (around neck)
Potions
 e - a potion of cancellation {unknown}
 h - 2 potions of lignification


   Skills:
 + Level 3.6 Fighting
 + Level 3.0 Axes
 + Level 1.8 Armour
 + Level 2.1 Dodging


You had one spell level left.
You didn't know any spells.
Your spell library was empty.

Dungeon Overview and Level Annotations

Branches:
Dungeon (2/15)

Altars:


Innate Abilities, Weirdness & Mutations

You thrive by killing the living.
You are immune to poison.
You have sharp fingernails.
Your flesh is cold resistant. (rC+)
You are immune to negative energy. (rN+++)
You do not regenerate when monsters are visible.
You are immune to unholy pain and torment.


Message History

There is a stone staircase leading up here.
A worm is nearby!
A ball python comes into view.
Found 28 stones.
Found a stone staircase leading up.
The ball python hisses angrily.
A giant cockroach comes into view.
The worm bites you.
You slash the worm!
The worm is heavily wounded.
The worm bites you.
You barely miss the worm.
The worm is heavily wounded.
You hit the ball python but do no damage.
The ball python closely misses you. The ball python grabs you.
The ball python constricts you.
You hit the worm.
The worm is severely wounded.
You closely miss the ball python. The ball python closely misses you.
The ball python constricts you. The worm bites you!
The ball python closely misses you. The ball python constricts you.
You hit the worm.
The worm is almost dead.
You hit the ball python. The ball python closely misses you.
The ball python constricts you.
The giant cockroach bites you but does no damage.
The worm bites you!
* * * LOW HITPOINT WARNING * * *
You feel better.
The giant cockroach bites you but does no damage.
The ball python bites you.
* * * LOW HITPOINT WARNING * * *
The ball python constricts you.
* * * LOW HITPOINT WARNING * * *
You hit the ball python but do no damage.
The ball python is moderately wounded.
You barely miss the worm. You hit the giant cockroach.
The giant cockroach bites you.
* * * LOW HITPOINT WARNING * * *
The ball python bites you.
You die...

#.# #.#
#.# #..
##.B# #.#
.... #.#
.<# #.##.#
#<#.###
####..SB.#
#.....@#.#
#.##.#w..#
.. #.##..#
## #.#
...# #.#
#..# #..
...# ##(
....# .
.#..#


You could see a worm, a giant cockroach and a ball python.

Vanquished Creatures
  4 endoplasms (D:1)
  A giant cockroach (D:1)
  2 hobgoblins (D:1)
  2 kobolds (D:1)
  A quokka (D:1)
  2 bats (D:1)
  2 rats (D:1)
14 creatures vanquished.

Notes
Turn   | Place    | Note
-------+----------+-------------------------------------------
     0 | D:1      | bromine the Ghoul Berserker began the quest for the Orb.
     0 | D:1      | Reached XP level 1. HP: 19/19 MP: 0/0
   251 | D:1      | Reached XP level 2. HP: 9/26 MP: 1/1
   957 | D:1      | Found a faded altar of an unknown god.
  1973 | D:2      | HP: 1/26 [worm (8)]
  1975 | D:2      | Slain by a ball python

Illustrated notes

Levels and vault maps discovered:
D:1:      dpeg_arrival_tiny_a, layout_loops_ring, ebering_ecumenical_altar_hall
D:2:      layout_loops_cross, basic_altar, nrook_mini_vaults

Skill      XL: |  1  2 |
---------------+-------+-----
Dodging        | 2 |  2.1
Axes           | 3 |  3.0
Fighting       | |  3.6
Armour         | |  1.8

Action                   || total
-------------------------++-------
Melee: Hand axe          ||    61
       Punch             ||     1
  Use: Scroll            ||     2
       Potion            ||     1
 Stab: Sleeping          ||     1
Armor: Animal skin       ||    22
Dodge: Dodged            ||    62
